 Dungeon Crawl Stone Soup version 0.22-a0-866-geee5034 (webtiles) character file.

31 Amnesiac the Magician (level 3, -1/26 HPs)
             Began as a Mummy Wizard on July 28, 2018.
             Slain by a worker ant (5 damage)
             ... on level 3 of the Dungeon.
             The game lasted 00:03:42 (1284 turns).

Amnesiac the Magician (Mummy Wizard)                Turns: 1284, Time: 00:03:42

Health: -1/26      AC:  2    Str: 10    XL:     3   Next: 7%
Magic:  1/8        EV: 12    Int: 18    God:
Gold:   43         SH:  0    Dex: 10    Spells: 2/10 levels left

rFire    x . .     SeeInvis .   a - +0 hunting sling
rCold    + . .     Gourm    .   (no shield)
rNeg     + + +     Faith    .   b - +0 robe
rPois    ∞         Spirit   .   (no helmet)
rElec    .         Reflect  .   (no cloak)
rCorr    .         Harm     .   (no gloves)
MR       .....                  (no boots)
Stlth    ++........             (no amulet)
HPRegen  0.08/turn              (no ring)
MPRegen  0.11/turn              (no ring)

@: very slightly contaminated
A: no food or potions, fire vulnerability, cold resistance 1, negative energy
resistance 3, torment resistance, unbreathing
a: no special abilities


You were on level 3 of the Dungeon.
You were not hungry.

You visited 1 branch of the dungeon, and saw 4 of its levels.

You collected 43 gold pieces.

Inventory:

Hand Weapons
 a - a +0 hunting sling (weapon)
 h - a +0 trident
Missiles
 c - 20 stones (quivered)
Armour
 b - a +0 robe (worn)
Wands
 g - a wand of paralysis (11)


   Skills:
 + Level 1.3 Fighting
 * Level 2.5 Dodging
 - Level 1.5 Stealth
 - Level 4.0 Spellcasting
 - Level 0.7 Conjurations
 - Level 0.7 Summonings
 - Level 0.7 Translocations


You had 2 spell levels left.
You knew the following spells:

 Your Spells              Type           Power        Failure   Level  Hunger
a - Magic Dart            Conj           #...         11%         1    N/A
b - Call Imp              Summ           #.......     17%         2    N/A
s - Conjure Flame         Conj/Fire      #.......     36%         3    N/A
v - Blink                 Tloc           N/A          17%         2    N/A

Your spell library contained the following spells:

 Spells                   Type           Power        Failure   Level  Hunger
 Slow                     Hex            #.......     22%         2    N/A
 Mephitic Cloud           Conj/Pois/Air  #.......     38%         3    N/A

Dungeon Overview and Level Annotations

Branches:
Dungeon (4/15)
 Temple: D:4-7

Altars:
Sif Muna


Innate Abilities, Weirdness & Mutations

You do not eat or drink.
Your flesh is vulnerable to fire.
You are immune to poison.
Your flesh is cold resistant. (rC+)
You are immune to negative energy. (rN+++)
You are immune to unholy pain and torment.
You can survive without breathing.


Message History

t - Shout!
Orders for allies: a - Attack new target. r - Retreat! s - Stop attacking. g - Guard the area. f - Follow me.
Anything else - Cancel.
Okay, then.
Casting: Magic Dart (safe; 11% risk of failure)
Confirm with . or Enter, or press ? or * to list all spells.
Aiming: Conjure Flame (slightly dangerous; 36% risk of failure)
Press: ? - help, Dir - move target cursor You miscast Conjure Flame.
You are very lightly contaminated with residual magic.
The air around you crackles with energy!
The worker ant bites you.
Casting: Conjure Flame (slightly dangerous; 36% risk of failure)
Confirm with . or Enter, or press ? or * to list all spells.
You miscast Call Imp.
Strange energies run through your body. The worker ant bites you.
The worker ant misses you.
You hear the slow hiss of an avalanche of sand nearby.
Casting: Call Imp (safe; 17% risk of failure)
Confirm with . or Enter, or press ? or * to list all spells.
You don't have enough magic to cast that spell.
The worker ant bites you.
Found a stone staircase leading up.
The worker ant bites you.
* * * LOW HITPOINT WARNING * * *
Casting: Call Imp (safe; 17% risk of failure)
Confirm with . or Enter, or press ? or * to list all spells.
A shadowy apparition takes form in the air.
The worker ant barely misses you.
The worker ant closely misses your shadow imp.
There is a stone staircase leading up here.
The worker ant barely misses you.
You climb upwards.
There is a stone staircase leading down here.
The worker ant bites you.
* * * LOW HITPOINT WARNING * * *
Casting: Call Imp (safe; 17% risk of failure)
Confirm with . or Enter, or press ? or * to list all spells.
You don't have enough magic to cast that spell.
The worker ant closely misses you.
Casting: Call Imp (safe; 17% risk of failure)
Confirm with . or Enter, or press ? or * to list all spells.
You miscast Call Imp.
Shadowy shapes form in the air around you, then vanish.
The worker ant bites you.
* * * LOW HITPOINT WARNING * * *
Really read
f - a scroll labeled ZAUGOI ETTETU {!r}?
As you read the scroll labeled ZAUGOI ETTETU {!r}, it crumbles to dust.
You feel blessed for a moment.
It was a scroll of remove curse {!r}.
The worker ant bites you but does no damage.
Really read
e - a scroll labeled QYCWOS AKHA {!r}?
Blink to where?
Press: ? - help, Dir - move target cursor
As you read the scroll labeled QYCWOS AKHA {!r}, it crumbles to dust.
It was a scroll of blinking {!r}.
Really read
d - a scroll labeled JUGOVV GAANEB {!r}?
As you read the scroll labeled JUGOVV GAANEB {!r}, it crumbles to dust.
It is a scroll of amnesia.
Okay, then.
Unknown command.
The worker ant bites you.
You die...

#.##
#.#####
#.....#
#####.#
#.# #.#
#.# #a#
#@# #.#
#.....†.#
#########


You could see a worker ant.

Vanquished Creatures
  An ooze (D:1)
  A leopard gecko (D:4)
  A giant cockroach (D:4)
  4 goblins
  2 hobgoblins
  3 jackals (D:1)
  4 kobolds
  A quokka (D:4)
  3 bats (D:1)
  A frilled lizard (D:3)
  A rat (D:1)
22 creatures vanquished.

Vanquished Creatures (collateral kills)
  An orc (D:4)
1 creature vanquished.

Grand Total: 23 creatures vanquished

Notes
Turn   | Place    | Note
-------+----------+-------------------------------------------
     0 | D:1      | Amnesiac the Mummy Wizard began the quest for the Orb.
     0 | D:1      | Reached XP level 1. HP: 13/13 MP: 5/5
   262 | D:1      | Reached XP level 2. HP: 10/20 MP: 7/7
   548 | D:1      | Reached skill level 1 in Fighting
   560 | D:1      | Learned a level 2 spell: Call Imp
   583 | D:1      | Learned a level 2 spell: Blink
  1005 | D:3      | Found a deep blue altar of Sif Muna.
  1185 | D:4      | Reached XP level 3. HP: 23/26 MP: 1/8
  1190 | D:4      | Learned a level 3 spell: Conjure Flame
  1228 | D:4      | Noticed an ogre
  1284 | D:3      | Slain by a worker ant

Vault maps used:
D:1:      mushboom_english_gardens
D:3:      marbit_many_paths, overflow_temple_1_default, doesnt_xom_only_xom,
          uniq_jessica
D:4:      nicolae_ossuary_entry_plus, corexii_item_surrounded_by_moat,
          uniq_pikel

Skill      XL: |  1  2 |
---------------+-------+-----
Dodging        | 2 |  2.5
Fighting       | 1 |  1.3
Stealth        | |  1.5
Spellcasting   | |  4.0
Conjurations   | |  0.7
Summonings     | |  0.7
Translocations | |  0.7

Action                   || total
-------------------------++-------
Melee: Unarmed           ||     4
 Fire: Hunting sling     ||    42
 Cast: Magic Dart        ||    45
       Call Imp          ||     2
  Use: Scroll            ||     3
Armor: Robe              ||     9
Dodge: Dodged            ||    39

Table legend:
 A = Spawn XP
 B = Non-spawn XP
 C = Spawn XP percentage of total XP
 D = Spawn monster count
 E = Non-spawn monster count
 F = Spawn count percentage of total count
 G = Total turns spent on level
                    A         B        C        D         E        F      G
               +---------+---------+-------+---------+---------+-------+---------
         Total |       0 |      45 |   0.0 |       0 |      23 |   0.0 |  1284
               +---------+---------+-------+---------+---------+-------+---------
           D:1 |       0 |      28 |   0.0 |       0 |      14 |   0.0 |   694
           D:2 |       0 |       5 |   0.0 |       0 |       3 |   0.0 |   168
           D:3 |       0 |       3 |   0.0 |       0 |       2 |   0.0 |   255
           D:4 |       0 |       9 |   0.0 |       0 |       4 |   0.0 |   167
               +---------+---------+-------+---------+---------+-------+---------
